 Dungeon Crawl Stone Soup version 0.15-b1-71-g5463ceb (webtiles) character file.

3306 Kae the Bludgeoner (level 9, -1/70 HPs)
             Began as a Minotaur Fighter on Aug 14, 2014.
             Was an Initiate of Qazlal.
             Splashed by an oklob sapling's acid (6 damage)
             ... on Level 8 of the Dungeon.
             The game lasted 00:10:41 (6582 turns).

Kae the Bludgeoner (Minotaur Fighter)               Turns: 6582, Time: 00:10:41

HP  -1/70        AC -5     Str 21      XL: 9   Next: 70%
MP   4/4         EV  6     Int  7      God: Qazlal [......]
Gold 260         SH  9     Dex 11      Spells:  0 memorised,  8 levels left

rFire  . . .     SeeInvis .     a - +2 demon whip (elec)
rCold  . . .     Clarity  .     q - +0 scale mail
rNeg   . . .     rCorr    .     c - +0 shield
rPois  .         rRot     .     (helmet restricted)
rElec  .         Spirit   .     w - +0 cloak
SustAb .         Warding  .     C - +0 pair of gloves
rMut   .         Stasis   .     (no boots)
Gourm  .                        (no amulet)
MR     .....                    (no ring)
                                v - ring of regeneration

@: corroded equipment, not resistant to hostile enchantments, extremely
unstealthy
A: retaliatory headbutt, horns 2
a: Renounce Religion


You were on level 8 of the Dungeon.
You worshipped Qazlal.
Qazlal was noncommittal.
You were very hungry.

You visited 2 branches of the dungeon, and saw 9 of its levels.
You also visited: Ossuary.

You collected 260 gold pieces.

Inventory:

Hand weapons
 a - a +2 demon whip of electrocution (weapon)
 b - a +3 morningstar of freezing
 u - a +1 flail
Armour
 c - a +0 shield (worn)
 q - a +0 scale mail (worn)
 w - a +0 cloak (worn)
 C - a +0 pair of gloves (worn)
Magical devices
 B - a wand of paralysis (14)
 G - a wand of frost (23)
 I - a wand of lightning (6)
Comestibles
 d - 8 bread rations
 k - 3 meat rations
 z - 12 fruits
 F - a beef jerky
Scrolls
 g - 5 scrolls of teleportation
 h - 4 scrolls of noise
 n - a scroll of identify
 o - a scroll of enchant armour {unknown}
 p - a scroll of recharging
 t - 3 scrolls of magic mapping
 y - a scroll of amnesia
 A - a scroll of fear
 J - a scroll of enchant weapon
 N - a scroll of remove curse
Jewellery
 v - a ring of regeneration (left hand)
Potions
 e - 2 potions of might
 f - a potion of confusion {unknown}
 i - a potion of invisibility
 j - 2 potions of restore abilities
 l - 4 potions of brilliance
 m - a potion of degeneration
 r - a potion of heal wounds {unknown}
 s - 5 potions of flight
 x - a potion of cancellation
 D - 2 potions of curing
 E - a potion of mutation {unknown}
 H - a potion of resistance
 K - a potion of lignification {unknown}
 L - a potion of haste {unknown}
 M - 3 potions of poison {unknown}


   Skills:
 - Level 3.6 Fighting
 + Level 15.5 Maces & Flails
 - Level 3.6 Armour
 - Level 3.6 Shields


You had 8 spell levels left.
You didn't know any spells.

Dungeon Overview and Level Annotations

Branches:
Dungeon (8/15)             Temple (1/1) D:7
   Lair: D:8-11

Altars:
Ashenzari
Cheibriados
Dithmenos
Elyvilon
Fedhas
Kikubaaqudgha
Makhleb
Nemelex Xobeh
Okawaru
Qazlal
Sif Muna
Trog
Vehumet
Xom
Yredelemnul
Zin
The Shining One

Annotations:
D:8 exclusion: 2 oklob saplings


Innate Abilities, Weirdness & Mutations

You reflexively headbutt those who attack you in melee.
You have a pair of horns on your head.


Message History

Found 4 fruits.
The oklob sapling spits acid at you. The splash of acid hits you!
The acid burns!
There is a blossoming altar of Fedhas here.
You see here 2 fruits.
The oklob sapling spits acid at you. The splash of acid hits you!
The acid corrodes your equipment!
The acid burns!
You see here 2 fruits.
The oklob sapling spits acid at you. The splash of acid hits you!
The acid corrodes your equipment!
The acid burns!
* * * LOW HITPOINT WARNING * * *
You see here 2 fruits.
Unknown command.
Read which item? (? for menu, Esc to quit)
Okay, then.
The oklob sapling spits acid at you. The splash of acid hits you!
* * * LOW HITPOINT WARNING * * *
The acid corrodes your equipment!
The acid burns!
You die...

# ####### #########
#####.....# #.......#
......###.# #.#####.#
#########.# #.# #.# #
#..♣ ♣♣♣ #.# #.# #####
#.♣♣♣♣.♣♣ #.# #.# ....#
#..♣♣.♣.♣♣♣♣♣ #.# #.#
###.# ##♣.♣♣.♣.♣♣P♣♣##.#
#.# # #.#
♣.♣.♣♣.@%.♣♣...# #.#
##.#####♣.♣.♣♣♣%_%♣♣####
##.##
#.......♣.♣.♣♣P.%♣♣
##...##
#....###♣♣.♣♣♣♣♣♣♣♣♣#
##.###.# #........♣♣♣
♣♣♣♣.# #.## ##.
##....###..(# #.##.# #.#
#. #%...## ##.##
#.##.#####.## ##. .....#
#.# #.......###.###.#
.....# #.#
#..............##


You could see 2 oklob saplings.

Vanquished Creatures
  Prince Ribbit (D:7)
  4 wandering mushrooms (D:8)
  Menkaure (D:5)
  2 sky beasts
  A phantom (D:7)
  An ogre (D:5)
  4 centaurs
  4 elf zombies (Ossuary)
  A giant frog (D:8)
  A scorpion (D:8)
  4 wights (D:6)
  3 human zombies (Ossuary)
  A crimson imp (D:7)
  4 orc wizards
  5 orc priests
  2 hounds (D:7)
  2 worker ants (D:5)
  5 centaur zombies (Ossuary)
  A gnoll shaman (D:6)
  Natasha (thrice) (D:5)
  A big kobold zombie (D:5)
  Ijyb (D:5)
  A hound zombie (D:5)
  4 mummies
  15 gnolls
  7 adders
  2 shadow imps (D:8)
  3 worms
  An iguana skeleton (D:6)
  10 giant geckos
  13 orcs
  A ball python (D:5)
  7 bats
  5 giant cockroaches
  7 hobgoblins
  10 jackals
  14 kobolds
  3 quokkas
  4 giant newts
  A giant newt skeleton (D:4)
  14 goblins
  A hobgoblin skeleton (D:5)
  A hobgoblin zombie (D:6)
  A kobold skeleton (D:5)
  2 orc zombies (D:6)
  13 rats
192 creatures vanquished.

Notes
Turn   | Place    | Note
--------------------------------------------------------------
     0 | D:1      | Kae, the Minotaur Fighter, began the quest for the Orb.
     0 | D:1      | Reached XP level 1. HP: 19/19 MP: 1/1
   265 | D:1      | Reached XP level 2. HP: 21/26 MP: 1/1
   586 | D:2      | Reached skill level 4 in Maces & Flails
   787 | D:2      | Reached XP level 3. HP: 31/31 MP: 2/2
  1117 | D:2      | Reached skill level 5 in Maces & Flails
  1251 | D:2      | Reached XP level 4. HP: 33/39 MP: 2/2
  1598 | D:3      | Reached skill level 6 in Maces & Flails
  1601 | D:3      | Reached XP level 5. HP: 17/45 MP: 2/2
  1604 | D:3      | Reached skill level 7 in Maces & Flails
  2314 | D:4      | Reached XP level 6. HP: 36/51 MP: 3/3
  2809 | D:4      | Reached skill level 8 in Maces & Flails
  3222 | D:5      | Entered Level 5 of the Dungeon
  3297 | D:5      | Noticed Ijyb
  3312 | D:5      | Killed Ijyb
  3387 | D:5      | Reached skill level 9 in Maces & Flails
  3395 | D:5      | Noticed Natasha
  3404 | D:5      | Killed Natasha
  3748 | D:5      | Reached XP level 7. HP: 57/57 MP: 3/3
  3926 | D:5      | Noticed Menkaure
  3929 | D:5      | Killed Menkaure
  3929 | D:5      | Reached skill level 10 in Maces & Flails
  3960 | D:5      | Noticed Natasha
  3963 | D:5      | Killed Natasha
  4060 | D:5      | Noticed Natasha
  4063 | D:5      | Killed Natasha
  4364 | D:6      | Found a sand-covered staircase.
  4370 | Ossuary  | Entered an ossuary
  4392 | Ossuary  | Reached skill level 11 in Maces & Flails
  4416 | Ossuary  | Reached XP level 8. HP: 43/64 MP: 3/3
  4564 | Ossuary  | Reached skill level 12 in Maces & Flails
  4825 | D:6      | Identified a scroll of acquirement
  4992 | D:6      | Reached skill level 13 in Maces & Flails
  5562 | D:7      | Reached XP level 9. HP: 52/70 MP: 4/4
  5653 | D:7      | Noticed Prince Ribbit
  5661 | D:7      | Killed Prince Ribbit
  5661 | D:7      | Reached skill level 14 in Maces & Flails
  5707 | D:7      | Found a glowing golden altar of the Shining One.
  5727 | D:7      | Found a staircase to the Ecumenical Temple.
  5896 | Temple   | Entered the Ecumenical Temple
  6014 | Temple   | Became a worshipper of Qazlal Stormbringer
  6520 | D:8      | Reached skill level 15 in Maces & Flails
  6572 | D:8      | Found a blossoming altar of Fedhas.
  6582 | D:8      | Splashed by an oklob sapling's acid

Action                   |  1- 3 |  4- 6 |  7- 9 || total
-------------------------+-------+-------+-------++-------
Melee: Flail             |   100 |   196 |   213 ||   509
       Demon whip        |       |       |   158 ||   158
Evoke: Wand              |       |       |     3 ||     3
  Use: Potion            |       |     2 |     1 ||     3
       Scroll            |       |       |    21 ||    21
  Eat: Chunk             |     1 |     7 |    10 ||    18
       Fruit             |       |     1 |     1 ||     2
